 Dungeon Crawl Stone Soup version 0.18-a0-1670-gb40d73e (webtiles) character file.

17788 dvd the Nimble (level 12, 0/91 HPs)
             Began as a Merfolk Transmuter on Apr 1, 2016.
             Was a High Priest of Qazlal.
             Slain by a spiny frog (17 damage)
             ... on level 1 of the Lair of Beasts.
             The game lasted 00:52:40 (13619 turns).

dvd the Nimble (Merfolk Transmuter)                Turns: 13619, Time: 00:52:41

Health: 0/91       AC:  7    Str:  8    XL:     12   Next: 51%
Magic:  18/24      EV: 21    Int: 17    God:    Qazlal [*****.]
Gold:   513        SH:  7    Dex: 15    Spells: 3 memorised, 16 levels left

rFire  x . .     SeeInvis .       - Unarmed
rCold  + . .     Gourm    .     b - +0 robe
rNeg   . . .     Faith    .     (shield currently unavailable)
rPois  .         Spirit   .     g - +1 hat {MR+}
rElec  .         Dismiss  .     f - +1 cloak
rCorr  .         Reflect  .     (gloves currently unavailable)
SustAt .         Harm     .     y - +1 pair of boots
MR     ++...                    (no amulet)
Stlth  +.........               p - ring of ice
                                A - ring of protection from magic

@: blade hands, repel missiles, very resistant to hostile enchantments, very
unstealthy
A: change form in water, swift swim, blurry vision 1, weak 1, MP-powered wands
a: End Transformation, Upheaval, Elemental Force, Disaster Area, Renounce
Religion


You were on level 1 of the Lair of Beasts.
You worshipped Qazlal.
Qazlal was extremely pleased with you.
You were hungry.
You had blades for hands.
You visited 3 branches of the dungeon, and saw 12 of its levels.
You also visited: Sewer.

You collected 513 gold pieces.

Inventory:

Hand Weapons
 x - a +1 dagger of flaming
 C - a +3 dagger of draining
Armour
 b - a +0 robe (worn)
 f - a +1 cloak (worn)
 g - a +1 hat of magic resistance (worn)
 u - a +0 pair of gloves (melded)
 y - a +1 pair of boots (worn)
 B - a +1 helmet
Magical Staves
 s - an uncursed staff of power
 L - an uncursed staff of poison
Jewellery
 n - an uncursed ring of sustain attributes
 p - a ring of ice (right scythe-like blade)
 A - a ring of protection from magic (left scythe-like blade)
 D - an uncursed ring of magical power
Wands
 e - a wand of paralysis (18/24)
 l - a wand of iceblast (10/15)
 o - a wand of confusion (24/48)
 q - a wand of random effects (22/48)
 z - a wand of iceblast (5/15)
 F - a wand of acid (7/15)
 H - a wand of slowing (48/48)
Scrolls
 a - 5 scrolls of recharging
 i - a scroll of magic mapping
 r - 2 scrolls of remove curse
 w - 6 scrolls of enchant weapon
 E - 5 scrolls of identify
 G - 3 scrolls of teleportation
Potions
 j - 2 potions of curing
 k - 2 potions of resistance
 t - a potion of flight
Books
 c - a book of Changes

   Spells                             Type                      Level
   a - Beastly Appendage              Transmutation                1
   b - Sticks to Snakes               Transmutation                2
   c - Spider Form                    Transmutation/Poison         3
   d - Ice Form                       Ice/Transmutation            4
   e - Blade Hands                    Transmutation                5
Comestibles
 d - 11 bread rations
 h - 2 meat rations
 m - a beef jerky
 v - 4 fruits
 I - 2 chunks of flesh


   Skills:
 + Level 7.4 Fighting
 + Level 13.2 Dodging
 + Level 2.9 Stealth
 + Level 9.4 Unarmed Combat
 * Level 8.9 Spellcasting
 * Level 12.5 Transmutations
 + Level 3.1 Poison Magic


You had 16 spell levels left.
You knew the following spells:

 Your Spells              Type           Power        Failure   Level  Hunger
a - Ice Form              Ice/Trmt       #####...     45%         4    ###....
b - Spider Form           Trmt/Pois      ####......   17%         3    None
c - Blade Hands           Trmt           ######....   17%         5    #####..


Dungeon Overview and Level Annotations

Branches:
Dungeon (10/15)            Temple (1/1) D:7            Lair (1/8) D:9
    Orc (0/2) D:10

Altars:
Ashenzari
Cheibriados
Dithmenos
Elyvilon
Fedhas
Gozag
Kikubaaqudgha
Makhleb
Nemelex Xobeh
Okawaru
Pakellas
Qazlal
Ru
Sif Muna
Trog
Vehumet
Xom
Yredelemnul
Zin
The Shining One

Shops:
D:6 (   D:9 (

Annotations:
D:9 exclusion: oklob plant


Innate Abilities, Weirdness & Mutations

You revert to your normal form in water.
You are very nimble and swift while swimming.
Scrolls take you a little longer to read.
You are weak. (Str -2)
You expend magic power (3 MP) to strengthen your wands.


Message History

* * * LOW HITPOINT WARNING * * *
You are lethally poisoned!
The spiny frog poisons you!
Unknown command.
Casting: Blade Hands
Confirm with . or Enter, or press ? or * to list all spells.
Your hands turn into razor-sharp scythe blades.
Your +0 pair of gloves melds into your body.
* * * LOW HITPOINT WARNING * * *
You feel sick. The spiny frog misses you.
Unknown command.
Drink which item? (? for menu, Esc to quit)
You feel better. The spiny frog closely misses you.
You hit the spiny frog but do no damage.
The spiny frog is almost dead.
The spiny frog completely misses you.
You barely miss the spiny frog.
The spiny frog is almost dead.
The spiny frog stings you!
You die...

..≈≈≈≈≈≈............
..≈####÷............
#.≈ #≈............ #.≈
#≈............
#.≈####≈............
#.≈#≈#≈≈............
#..
#.§≈≈≈≈≈............
##..
#.§§§...............
#....
#†@##P...#.###.####
#...###F###..##.#####
#
###...#P#YY##.........
#
..Y...§§..###..##..#..
## #........##..# ##
#. #...........###.##
## #P..#............#


#PP ##................. .... #..#.............. .... You could see 2 yaks and a
spiny frog.

Vanquished Creatures
  Gastronok (D:8)
  Pikel (D:7)
  A cyclops (D:10)
  A black mamba (D:9)
  Joseph (D:7)
  A spiny frog (Lair:1)
  A komodo dragon (Lair:1)
  A troll (D:8)
  A two-headed ogre (D:10)
  7 polar bears
  Prince Ribbit (D:7)
  A spriggan (D:7)
  21 yaks
  A basilisk (Lair:1)
  2 hungry ghosts
  A steam dragon (D:6)
  2 hippogriffs
  3 water moccasins
  2 porcupines
  2 phantoms
  7 orc warriors
  2 slaves (D:7)
  3 sky beasts
  3 ice beasts
  A wasp (D:9)
  4 ogres
  12 black bears
  4 centaurs
  3 wolves (Lair:1)
  21 big kobolds
  9 giant frogs
  A wyvern skeleton (D:7)
  2 scorpions
  4 killer bees (D:10)
  4 wights (D:9)
  2 electric eels (Lair:1)
  3 crimson imps
  A giant frog zombie (D:5)
  4 hounds
  3 centaur zombies
  A jelly (D:5)
  7 orc wizards
  8 orc priests
  3 centaur skeletons
  2 giant frog skeletons
  3 iguanas
  5 worker ants
  A hound skeleton (D:5)
  A worker ant zombie (D:8)
  16 adders
  9 river rats
  A howler monkey skeleton (D:6)
  3 shadow imps
  12 oozes
  An adder skeleton (D:9)
  An adder zombie (D:9)
  9 worms
  4 dart slugs
  16 giant geckos
  39 orcs
  10 ball pythons
  10 bats
  14 giant cockroaches
  11 goblins
  11 hobgoblins
  7 jackals
  24 kobolds
  5 quokkas
  13 giant newts
  A jackal zombie (D:6)
  A quokka skeleton (D:9)
  15 rats
  A spectral orc (D:6)
  28 fungi (D:9)
  27 plants
465 creatures vanquished.

Vanquished Creatures (others)
  A hound (D:7)
  An orc wizard (D:7)
  2 orcs (D:7)
  7 fungi (D:9)
  A plant (D:9)
12 creatures vanquished.

Grand Total: 477 creatures vanquished

Notes
Turn   | Place    | Note
--------------------------------------------------------------
     0 | D:1      | dvd the Merfolk Transmuter began the quest for the Orb.
     0 | D:1      | Reached XP level 1. HP: 15/15 MP: 3/3
   103 | D:1      | Reached XP level 2. HP: 14/21 MP: 3/5
   523 | D:1      | Reached skill level 3 in Dodging
   691 | D:1      | Reached XP level 3. HP: 26/26 MP: 6/6
   984 | D:1      | Learned a level 3 spell: Spider Form
  1036 | D:2      | Found a stormy altar of Qazlal.
  1037 | D:2      | Noticed a fire elemental
  1037 | D:2      | Noticed an air elemental
  1038 | D:2      | Noticed an earth elemental
  1038 | D:2      | Noticed a water elemental
  1043 | D:2      | Became a worshipper of Qazlal Stormbringer
  1540 | D:2      | Found a sacrificial altar of Ru.
  1643 | D:2      | Reached XP level 4. HP: 32/32 MP: 3/8
  2003 | D:2      | Reached * piety under Qazlal
  2385 | D:3      | Reached skill level 4 in Dodging
  2392 | D:3      | Reached XP level 5. HP: 37/37 MP: 1/9
  2405 | D:3      | Found a shattered altar of Ashenzari.
  2666 | D:3      | Reached ** piety under Qazlal
  2674 | D:3      | Found a glowing drain.
  2692 | Sewer    | Entered a sewer
  2768 | Sewer    | Reached skill level 1 in Poison Magic
  2846 | Sewer    | Reached skill level 5 in Dodging
  2888 | Sewer    | Reached XP level 6. HP: 40/43 MP: 10/10
  2972 | Sewer    | Reached *** piety under Qazlal
  3115 | Sewer    | Reached skill level 5 in Unarmed Combat
  3470 | D:4      | Reached skill level 1 in Stealth
  3470 | D:4      | Reached XP level 7. HP: 51/51 MP: 11/11
  3847 | D:4      | Found a shimmering altar of Xom.
  3847 | D:4      | Found a shimmering altar of Xom.
  3847 | D:4      | Found a shimmering altar of Xom.
  3847 | D:4      | Found a shimmering altar of Xom.
  3849 | D:4      | Found a shimmering altar of Xom.
  4144 | D:5      | Entered Level 5 of the Dungeon
  4197 | D:5      | Reached skill level 6 in Dodging
  4675 | D:5      | Reached skill level 5 in Transmutations
  4686 | D:5      | Reached **** piety under Qazlal
  4839 | D:5      | Reached XP level 8. HP: 41/58 MP: 13/13
  5153 | D:6      | Reached skill level 7 in Dodging
  5181 | D:6      | Found a stormy altar of Qazlal.
  5222 | D:6      | Found an ancient bone altar of Kikubaaqudgha.
  5234 | D:6      | Found an iron altar of Okawaru.
  5271 | D:6      | Found a sparkling altar of Nemelex Xobeh.
  5457 | D:6      | Found Foepaqur's Antique Weapon Shoppe.
  5571 | D:6      | Reached XP level 9. HP: 42/65 MP: 16/16
  5723 | D:6      | Found a shadowy altar of Dithmenos.
  5833 | D:6      | Found a basalt altar of Yredelemnul.
  6004 | D:7      | Noticed Joseph
  6034 | D:7      | Killed Joseph
  6034 | D:7      | Reached skill level 8 in Dodging
  6353 | D:6      | Reached skill level 9 in Dodging
  6546 | D:6      | Learned a level 5 spell: Blade Hands
  6586 | D:7      | Found a staircase to the Ecumenical Temple.
  6594 | D:7      | Reached skill level 5 in Spellcasting
  6609 | Temple   | Entered the Ecumenical Temple
  6909 | D:7      | Noticed Prince Ribbit
  6915 | D:7      | Reached skill level 5 in Fighting
  6918 | D:7      | HP: 1/68 [Prince Ribbit (17)]
  7201 | Temple   | Gained mutation: You are weak. (Str -2) [mutagenic glow]
  7286 | Temple   | Gained mutation: Scrolls take you a little longer to read. [mutagenic glow]
  7307 | Temple   | Gained mutation: You expend magic power (3 MP) to strengthen your wands. [mutagenic glow]
  7445 | D:7      | Killed Prince Ribbit
  7462 | D:7      | Reached XP level 10. HP: 74/74 MP: 18/18
  7705 | D:7      | Noticed Pikel
  7717 | D:7      | Killed Pikel
  7717 | D:7      | Reached skill level 10 in Dodging
  8367 | D:8      | Noticed Gastronok
  8790 | D:8      | Killed Gastronok
  8790 | D:8      | Reached skill level 10 in Transmutations
  8790 | D:8      | Reached XP level 11. HP: 34/81 MP: 21/21
  9087 | D:8      | Reached skill level 11 in Dodging
  9547 | D:8      | Learned a level 4 spell: Ice Form
 10431 | D:9      | Found a staircase to the Lair.
 10480 | D:9      | Reached ***** piety under Qazlal
 11126 | D:9      | Found Simmaes's Weapon Shop.
 11136 | D:9      | Noticed an oklob plant
 11537 | D:9      | Found a burning altar of Makhleb.
 11589 | Lair:1   | Entered Level 1 of the Lair of Beasts
 11626 | Lair:1   | Reached skill level 12 in Dodging
 11908 | D:10     | Entered Level 10 of the Dungeon
 11939 | D:10     | Noticed a cyclops
 11962 | D:10     | Killed a cyclops
 11983 | D:10     | Reached XP level 12. HP: 38/91 MP: 13/24
 12643 | D:10     | Found a staircase to the Orcish Mines.
 13221 | Lair:1   | Reached skill level 13 in Dodging
 13619 | Lair:1   | Slain by a spiny frog

Vault maps used:
D:1:      lightli_arrival_chessboard, supply_closet_lemuel
D:2:      kennysheep_six_static_rooms, nicolae_ru_path_of_blood, moated_statue,
          nicolae_qazlal_style_of_elements
D:3:      nicolae_ashenzari_panopticon, portal_sewer_entry_e
D:4:      xom_redecorated, first_bread
D:5:      kennysheep_decorative_pillar, grunt_ministairs_14, serial_bayou_lake_a
D:6:      nicolae_dithmenos_through_a_glass_darkly,
          yredelemnul_forgotten_temple_becter,
          nicolae_overflow_quartered_altars, serial_shops, kennysheep_mini
D:7:      minmay_temple_entry_trees, the_bakery, uniq_prince_ribbit1,
          uniq_joseph, uniq_pikel
D:8:      special_room, uniq_gastronok
D:9:      due_lair_maze_entry_diamond, serial_glass, glass_columns_c,
          glass_columns_c, glass_columns_a, glass_columns_b, glass_columns_a,
          glass_columns_a, serial_shops, shop, minmay_strange_pillars,
          lemuel_oklob_altar
D:10:     orc_0_dummy
Temple:   triangle_lava_temple_11
Lair:1:   beast_lair_carwin_large_4
Sewer:    sewer_frog_island_02

Skill      XL: |  1  2  3  4  5  6  7  8  9 10 11 12 |
---------------+-------------------------------------+-----
Dodging        | 3 4 5 6 7 9 10 12 13 | 13.2
Unarmed Combat | 4 5 6 7 8 9 |  9.4
Transmutations | 3 4 5 6 8 10 11 12 | 12.5
Spellcasting   | 3 4 5 7 8 |  8.9
Poison Magic   | 1 2 3 |  3.1
Fighting       | 2 3 5 7 |  7.4
Stealth        | 1 2 |  2.9

Action                   |  1- 3 |  4- 6 |  7- 9 | 10-12 || total
-------------------------+-------+-------+-------+-------++-------
Melee: Unarmed           |   112 |   283 |   371 |   619 ||  1385
 Cast: Beastly Appendage |    10 |       |       |       ||    10
       Spider Form       |     7 |    19 |    19 |     4 ||    49
       Blade Hands       |       |       |     5 |    46 ||    51
       Ice Form          |       |       |       |     1 ||     1
Invok: Upheaval          |       |       |     1 |     3 ||     4
  Use: Potion            |       |       |    13 |     5 ||    18
       Scroll            |       |       |     3 |    10 ||    13
 Stab: Sleeping          |     1 |       |       |       ||     1
  Eat: Chunk             |     4 |     9 |    14 |    23 ||    50
       Meat ration       |       |       |     2 |       ||     2
       Pizza             |       |       |     1 |       ||     1
       Beef jerky        |       |       |     1 |     2 ||     3
       Royal jelly       |       |       |     1 |       ||     1
       Fruit             |       |       |       |     3 ||     3
       Bread ration      |       |       |       |     1 ||     1
